 Dungeon Crawl Stone Soup version 0.21-a0-440-g28109cb (webtiles) character file.

140 kiturien the Skirmisher (level 5, -1/47 HPs)
             Began as a Hill Orc Fighter on Nov 10, 2017.
             Slain by an orc
             ... wielding a +2 short sword of venom
              (4 damage)
             ... on level 3 of the Dungeon.
             The game lasted 00:04:18 (1285 turns).

kiturien the Skirmisher (Hill Orc Fighter)          Turns: 1285, Time: 00:04:18

Health: -1/47      AC:  7    Str: 25      XL:     5   Next: 22%
Magic:  14/14      EV:  8    Int:  8      God:
Gold:   125        SH:  9    Dex:  8 (10) Spells: 4/4 levels left

rFire    . . .     SeeInvis .   a - +0 long sword
rCold    . . .     Gourm    .   c - +0 shield
rNeg     . . .     Faith    .   b - +0 scale mail
rPois    .         Spirit   .   (no helmet)
rElec    .         Reflect  .   (no cloak)
rCorr    .         Harm     .   (no gloves)
MR       .....                  (no boots)
Stlth    ..........             (no amulet)
HPRegen  0.15/turn              o - ring of magical power
MPRegen  0.14/turn              (no ring)

@: mighty
A: no striking features
a: no special abilities


You were on level 3 of the Dungeon.
You were not hungry.

You visited 1 branch of the dungeon, and saw 3 of its levels.

You collected 125 gold pieces.

Inventory:

Hand Weapons
 a - a +0 long sword (weapon)
Armour
 b - a +0 scale mail (worn)
 c - a +0 shield (worn)
 l - a +0 hat
Jewellery
 o - a ring of magical power (left hand)
Scrolls
 e - a scroll of fog
 h - 2 scrolls of teleportation
 i - 3 scrolls of identify
 k - a scroll of enchant armour
 q - 2 scrolls of remove curse
Comestibles
 f - 2 bread rations
 g - 3 royal jellies
 j - 2 chunks of flesh
 m - 3 fruits


   Skills:
 * Level 4.3 Fighting
 * Level 3.6 Long Blades
 * Level 4.2 Armour
 * Level 0.9 Dodging
 * Level 4.0 Shields


You had 4 spell levels left.
You didn't know any spells.

Dungeon Overview and Level Annotations

Branches:
Dungeon (3/15)

Altars:
Makhleb

Portals:
Sewer: D:3


Message History

Your Shields skill increases to level 4!
You block the giant cockroach's attack.
You slash the giant cockroach!
You kill the giant cockroach!
You block the orc's attack.
You slash the orc!
You kill the orc!
The orc hits you but does no damage.
You slash the orc!
You kill the orc!
You block the orc's attack.
The orc hits you from afar with a trident.
* * * LOW HITPOINT WARNING * * *
Your shield and scale mail prevent you from hitting the orc.
You block the orc's attack. The orc barely misses you.
You block the orc's attack.
You closely miss the orc. The orc hits you with a hand axe.
* * * LOW HITPOINT WARNING * * *
The orc hits you with a short sword of venom.
You die...

### ..# #.#
#.# #######.#
#.....o.# #@#
##. #o######
.. #or....#
#.# #S#.##.# #
#.#####S#.# #
...#
#..SS.og#.# #
#..#
#...#..S....o.
# #?.#
#.....#######.
# #..#
#..#..#≈≈≈≈≈#.


You could see 3 adders, 4 orcs, a goblin and a rat.

Vanquished Creatures
  A hound (D:2)
  3 adders
  An ooze (D:1)
  2 worms (D:2)
  2 dart slugs
  4 leopard geckos
  3 orcs (D:3)
  3 giant cockroaches
  6 goblins
  9 hobgoblins
  8 kobolds
  9 bats
  4 frilled lizards
  5 rats
60 creatures vanquished.

Notes
Turn   | Place    | Note
-------+----------+-------------------------------------------
     0 | D:1      | kiturien the Hill Orc Fighter began the quest for the Orb.
     0 | D:1      | Reached XP level 1. HP: 19/19 MP: 1/1
    75 | D:1      | Reached XP level 2. HP: 26/27 MP: 2/2
   176 | D:1      | Reached XP level 3. HP: 28/33 MP: 3/3
   646 | D:2      | Reached XP level 4. HP: 21/40 MP: 4/4
   978 | D:2      | Found a burning altar of Makhleb.
  1253 | D:3      | Reached XP level 5. HP: 37/46 MP: 5/5
  1263 | D:3      | Found a glowing drain.
  1285 | D:3      | Slain by an orc

Vault maps used:
D:1:      minmay_arrival_wavy_path
D:2:      first_bread, makhleb_blood_cavern_becter
D:3:      gup_sewer_entry_glass

Skill      XL: |  1  2  3  4  5 |
---------------+----------------+-----
Fighting       | 4 |  4.3
Long Blades    | 3 |  3.6
Armour         | 4 |  4.2
Shields        | 4 |  4.0
Dodging        | |  0.9

Action                   |  1- 3 |  4- 6 || total
-------------------------+-------+-------++-------
Melee: Long sword        |   102 |    94 ||   196
  Use: Scroll            |     3 |     3 ||     6
       Potion            |     2 |     1 ||     3
  Eat: Chunk             |       |     2 ||     2
Armor: Scale mail        |    46 |    61 ||   107
Dodge: Dodged            |    37 |    56 ||    93
Block: Shield            |    56 |    82 ||   138
       Rpst.: Long sword |    12 |    20 ||    32

Table legend:
 A = Spawn XP
 B = Non-spawn XP
 C = Spawn XP percentage of total XP
 D = Spawn monster count
 E = Non-spawn monster count
 F = Spawn count percentage of total count
 G = Total turns spent on level
                    A         B        C        D         E        F      G
               +---------+---------+-------+---------+---------+-------+---------
         Total |       0 |     200 |   0.0 |       0 |      60 |   0.0 |  1285
               +---------+---------+-------+---------+---------+-------+---------
           D:1 |       0 |      57 |   0.0 |       0 |      28 |   0.0 |   566
           D:2 |       0 |      97 |   0.0 |       0 |      20 |   0.0 |   547
           D:3 |       0 |      46 |   0.0 |       0 |      12 |   0.0 |   172
               +---------+---------+-------+---------+---------+-------+---------
